[Event "2017 South African Open Ch"]
[Site "Durban"]
[Date "2017.07.18"]
[Round "7"]
[White "Zwakala, Ntando"]
[Black "Masiya, Mfundo"]
[Result "1/2-1/2"]
[ECO "B22"]
[WhiteElo "2020"]
[BlackElo "1806"]
[Annotator "NA RC"]
[PlyCount "138"]
[EventDate "2017.??.??"]
[EventCountry "RSA"]
[SourceTitle "playchess.com"]
[Source "ChessBase"]
[SourceQuality "1"]
[TimeControl "5400+30"]

1. e4 c5 2. c3 d5 3. exd5 Qxd5 4. d4 Nf6 5. Nf3 Bg4 6. Be2 e6 7. O-O Be7 8. Na3 {[%emt 0:01:39] B22: Sicilian: 2 c3} (8. h3 Bh5 9. Be3 cxd4 10. Nxd4 Bxe2 11. Qxe2 O-O 12. c4 Qd8 13. Nc3 Nbd7 14. Rfd1 Qc8 15. Ndb5 a6 16. Nd6 Qc6 17. Bf4 {1-0 (47) Mellado Trivino,J (2443)-Alonso Moyano,J (2402) Barcelona 2014}) 8... cxd4 9. Nb5 Qd8 10. Nbxd4 O-O 11. h3 Bh5 12. Qb3 Qc8 13. Bg5 h6 $146 ({Predecessor:} 13... Nc6 14. Nxc6 bxc6 15. Qc4 Qb7 {1-0 (39) Jergler,K (2060)-Mauro,C (2050) Bayern 2002}) 14. Bh4 Nbd7 15. Rad1 Nc5 16. Qc4 a6 17. a4 Rd8 18. Rfe1 Nce4 19. g4 Bg6 20. Ne5 Bh7 21. Qxc8 Raxc8 22. Bd3 g5 23. Bg3 Nxg3 24. Bxh7+ Nxh7 25. fxg3 Nf6 26. Kg2 Kg7 27. Rd3 Bc5 28. Red1 Rd5 29. Nef3 (29. Nf5+ $5 Kh7 30. Rxd5 Nxd5 31. Nxf7 $11) 29... Rcd8 30. R3d2 Kg8 31. Re2 $15 b5 32. axb5 axb5 33. Rf1 Bxd4 34. Nxd4 Ne8 35. Nc6 R8d7 36. Ne5 Rc7 37. Ra1 Nd6 38. Nf3 Rb7 39. Ne5 Rc7 40. Ra8+ Kg7 41. h4 Nc4 42. Nf3 Rb7 43. Ra1 b4 44. b3 Nd6 45. c4 Rd3 46. Rd2 Rxd2+ 47. Nxd2 Kf6 48. Ra6 Ke7 49. Kf2 f5 50. c5 Nf7 51. gxf5 exf5 52. Nc4 gxh4 53. gxh4 Rc7 54. Ra5 Ke6 55. Ke3 Ne5 56. Nxe5 Kxe5 57. c6+ Kd6 58. Rxf5 Kxc6 59. Kd4 Kb6 60. Rf6+ Kb5 61. Rxh6 Rc3 62. Rh5+ Kb6 63. Re5 Rxb3 64. Kc4 Rh3 65. h5 Rh4+ 66. Kb3 Kc6 67. Rg5 Kd7 68. Ka4 Ke7 69. Rb5 Kf7 1/2-1/2

[Event "2017 South African Open Ch"]
[Site "Durban"]
[Date "2017.07.18"]
[Round "7"]
[White "Tavagwisa, Lawrence"]
[Black "Makoto, Rodwell"]
[Result "0-1"]
[ECO "C55"]
[WhiteElo "1935"]
[BlackElo "2372"]
[Annotator "NA"]
[PlyCount "56"]
[EventDate "2017.??.??"]
[EventCountry "RSA"]
[SourceTitle "playchess.com"]
[Source "ChessBase"]
[SourceQuality "1"]
[TimeControl "5400+30"]

1. e4 e5 2. Nf3 Nc6 3. d4 exd4 4. Bc4 Nf6 5. e5 {[%emt 0:01:55] LiveBook: 1327 Games} Ne4 6. O-O Be7 7. Qe2 {[%emt 0:02:23] C56: Two Knights: 4 d4 exd4 5 0-0 Nxe4} (7. Re1 d5 8. exd6 Nxd6 9. Bd5 O-O 10. Bxc6 bxc6 11. Nxd4 Qd7 12. Nc3 Bf6 13. Nb3 Qf5 14. Qd3 Qh5 15. Ne4 Nxe4 16. Qxe4 Be6 17. Qxc6 {0-1 (30) Wang,Y (2450)-Wei,Y (2696) Wuxi 2016}) 7... d5 8. Bb5 Bg4 $146 ({Predecessor:} 8... O-O 9. Bxc6 bxc6 10. Nxd4 Qd7 11. f4 Bc5 12. Be3 a5 13. Rf3 Ba6 14. Qe1 f5 {½-½ (67) Mraz,M (1958)-Laky,P (1972) Slovakia 2014}) 9. h3 Bxf3 10. Qxf3 O-O 11. Bf4 f6 12. Bxc6 bxc6 13. Qd3 c5 14. Nd2 fxe5 15. Bxe5 Nf6 16. Nf3 Bd6 17. Qf5 Bxe5 18. Nxe5 Qc8 19. Qd3 Qe6 20. Rfe1 Ne4 21. Nf3 Qf5 22. Re2 Rab8 23. b3 Rb6 24. Nd2 Nc3 $19 25. Re7 Qxf2+ 26. Kh1 Rg6 27. Rg1 c4 28. bxc4 Rg3 0-1

[Event "2017 South African Open Ch"]
[Site "Durban"]
[Date "2017.07.18"]
[Round "7"]
[White "Rooplal, Desmond"]
[Black "Mosenya, Ndawana"]
[Result "1-0"]
[ECO "C07"]
[WhiteElo "1686"]
[BlackElo "2062"]
[Annotator "NA RC"]
[PlyCount "126"]
[EventDate "2017.??.??"]
[EventCountry "RSA"]
[SourceTitle "playchess.com"]
[Source "ChessBase"]
[SourceQuality "1"]
[TimeControl "5400+30"]

1. e4 e6 2. d4 d5 3. Nd2 c5 4. exd5 Qxd5 5. dxc5 Bxc5 6. Ngf3 Nf6 7. Bc4 Qd6 8. O-O Nc6 {[%emt 0:00:59] C07: French Tarrasch: 3...c5, 4 Ngf3 and 4 exd5 Qxd5} 9. Nb3 Qxd1 10. Rxd1 Bb6 (10... Be7 11. c3 Bd7 12. a4 O-O 13. a5 Rfd8 14. a6 bxa6 15. Rxa6 Rac8 16. Be2 Nd5 {½-½ (36) Friedel,J (2505)-Robson,R (2631) Saint Louis 2014}) 11. Bg5 Ng4 $146 ({Predecessor:} 11... Bd7 12. Bh4 Rc8 13. Bf1 Ke7 14. c3 Rhd8 15. Rd2 Be8 16. Rad1 Rxd2 17. Rxd2 {½-½ (61) Hegedus,R (2039)-Biro,Z (2050) Hungary 2012}) 12. Bh4 O-O 13. h3 Nge5 14. Be2 Nxf3+ 15. Bxf3 Ne5 16. Be2 f6 17. Bg3 Nf7 18. Nd2 e5 19. Nc4 Bc5 20. Bf3 Be6 21. Na5 Nd6 22. Nxb7 Nxb7 23. Bxb7 Rab8 24. Bd5 Bxd5 25. Rxd5 Rfc8 26. b3 Rb7 27. Rad1 Bd4 28. Rd2 Kf7 29. Kf1 Ke6 30. c4 Rc6 31. f4 h5 32. fxe5 fxe5 33. Ke2 Rf7 34. Kd3 Rf5 35. Re2 Kf6 36. Be1 Re6 37. c5 Rc6 38. b4 a5 39. a3 axb4 40. axb4 Ra6 41. Kc4 Rf1 42. Kb5 Ra1 43. Bg3 Rf5 44. Kc6 Ra6+ 45. Kb7 Ra3 46. Be1 Kg6 47. b5 Rf7+ 48. Kc6 Rb3 49. b6 Kf5 (49... Rf8 $142 50. Rd7 Rb1) 50. Bf2 Rf6+ 51. Kd7 Bxf2 52. Rxf2+ Ke4 53. Rfd2 Ke3 54. Rc2 e4 55. Rc4 $18 Rd3 56. Rxe4+ Kxe4 57. Rxd3 Kxd3 58. c6 Kd4 59. b7 Kc5 60. c7 Rf7+ 61. Kd8 Kd6 62. c8=N+ Ke6 63. b8=Q Kd5 1-0

[Event "2017 South African Open Ch"]
[Site "Durban"]
[Date "2017.07.19"]
[Round "8"]
[White "Kobese, Watu"]
[Black "Botao Milton"]
[Result "1-0"]
[ECO "B01"]
[WhiteElo "2367"]
[BlackElo "1963"]
[Annotator "NA"]
[PlyCount "85"]
[EventDate "2017.??.??"]
[EventCountry "RSA"]
[SourceTitle "playchess.com"]
[Source "ChessBase"]
[SourceQuality "1"]
[TimeControl "5400+30"]

1. e4 d5 2. exd5 Qxd5 3. Nc3 Qa5 4. d4 Nf6 5. Nf3 Bf5 6. Ne5 e6 7. g4 Bg6 8. Nc4 Qb4 9. a3 Qe7 10. Bg2 c6 11. Ne5 Nfd7 12. Nxg6 hxg6 13. Qe2 Nf6 14. Bf4 Nd5 15. Nxd5 exd5 16. Be3 Na6 17. O-O-O O-O-O 18. c4 Nc7 19. Qd2 Kb8 20. c5 Qd7 21. h3 Be7 22. f4 Rde8 23. Rhf1 f6 24. f5 g5 25. Bf2 Bd8 26. Rfe1 Rxe1 27. Rxe1 Re8 28. Rh1 Na6 29. h4 gxh4 30. Rxh4 b6 31. Rh7 Qf7 32. Bf1 Kb7 33. Bd3 Nb8 34. Qh6 Rg8 35. Qg6 Qe7 36. Rh1 Qe8 37. b4 Nd7 38. Qh7 Qf7 39. Re1 Nf8 40. Qh2 Bc7 41. Bg3 Bxg3 42. Qxg3 Qc7 43. Ba6+ 1-0

[Event "2017 South African Open Ch"]
[Site "Durban"]
[Date "2017.07.19"]
[Round "8"]
[White "Masango, Spencer"]
[Black "Wilken, Justin Barend"]
[Result "1-0"]
[ECO "A06"]
[WhiteElo "2203"]
[BlackElo "1920"]
[Annotator "ChessBase"]
[PlyCount "129"]
[EventDate "2017.??.??"]
[EventCountry "RSA"]
[SourceTitle "playchess.com"]
[Source "ChessBase"]
[SourceQuality "1"]
[TimeControl "5400+30"]

1. Nf3 d5 2. d4 e6 3. g3 Bd6 4. Bg2 f5 5. O-O Nd7 6. c4 c6 7. b3 Ne7 8. Ba3 Bc7 9. Nc3 O-O 10. cxd5 exd5 11. Rc1 Nf6 12. Qc2 Re8 13. e3 Ng6 14. Rfe1 Ne4 15. Nd2 Be6 16. f4 Nxd2 17. Qxd2 Nf8 18. Na4 Bc8 19. Nc5 Bd6 20. Bb2 Qe7 21. Nd3 a5 22. Bc3 b6 23. b4 Ba6 24. bxa5 bxa5 25. Nc5 Bc4 26. Nb3 a4 27. Na5 Bb5 28. Rb1 Ne6 29. Rxb5 cxb5 30. Bxd5 b4 31. Nc6 Qf8 32. Nxb4 Kh8 33. Bxa8 Rxa8 34. Nd3 Rb8 35. d5 Nc7 36. Ne5 Rb5 37. Rd1 Rxd5 38. Qc2 Bc5 39. Bd4 Ne6 40. Qxa4 Bxd4 41. exd4 Qc8 42. Qc6 Qxc6 43. Nxc6 g5 44. fxg5 Nxg5 45. a4 Rd6 46. d5 Ne6 47. Ne7 f4 48. Nf5 Rd8 49. d6 fxg3 50. hxg3 Kg8 51. Rf1 Nc5 52. a5 Kf7 53. Rd1 Ke6 54. Nd4+ Kd7 55. Rc1 Ne4 56. Nf5 Ke6 57. Nd4+ Kd7 58. Nb5 Ra8 59. Rc7+ Ke6 60. Re7+ Kf5 61. Nd4+ Kf6 62. Re6+ Kf7 63. Rxe4 Rxa5 64. d7 Rd5 65. Nc6 1-0

[Event "2017 South African Open Ch"]
[Site "Durban"]
[Date "2017.07.19"]
[Round "8"]
[White "Pon, Matt"]
[Black "Oberholzer, Francois"]
[Result "1/2-1/2"]
[ECO "B40"]
[WhiteElo "2163"]
[BlackElo "2046"]
[Annotator "NA"]
[PlyCount "33"]
[EventDate "2017.??.??"]
[EventCountry "RSA"]
[SourceTitle "playchess.com"]
[Source "ChessBase"]
[SourceQuality "1"]
[TimeControl "5400+30"]

1. e4 c5 2. Nf3 e6 3. d3 Nc6 4. g3 Nge7 5. Bg2 g6 6. O-O Bg7 7. c3 O-O 8. Qe2 e5 9. a3 d6 10. b4 a6 11. Be3 b6 12. Nh4 Bd7 13. Ra2 Rc8 14. f4 f5 15. Rd2 exf4 16. gxf4 Kh8 17. Nf3 1/2-1/2

[Event "2017 South African Open Ch"]
[Site "Durban"]
[Date "2017.07.19"]
[Round "8"]
[White "Mnguni, Jacob Dumisani"]
[Black "Tavagwisa, Lawrence"]
[Result "1-0"]
[ECO "E63"]
[WhiteElo "2147"]
[BlackElo "1935"]
[Annotator "NA"]
[PlyCount "99"]
[EventDate "2017.??.??"]
[EventCountry "RSA"]
[SourceTitle "playchess.com"]
[Source "ChessBase"]
[SourceQuality "1"]
[TimeControl "5400+30"]

1. c4 Nf6 2. g3 g6 3. Bg2 Bg7 4. Nc3 d6 5. Nf3 O-O 6. d4 Nc6 7. O-O a6 8. b3 e5 9. Bb2 Bg4 10. dxe5 dxe5 11. h3 Bd7 12. Qc1 h6 13. Rd1 e4 14. Ne1 Re8 15. Nc2 Qc8 16. Kh2 b5 17. cxb5 axb5 18. Nxb5 Ra5 19. a4 Ne5 20. Ncd4 Bxb5 21. Nxb5 Qf5 22. Kg1 e3 23. f4 Neg4 24. Bxf6 Nxf6 25. Qxc7 Rxb5 26. axb5 Qxb5 27. Qc4 Qxc4 28. bxc4 Nh5 29. Ra8 Rxa8 30. Bxa8 Nxg3 31. Bf3 h5 32. c5 Bh6 33. c6 Bxf4 34. Rd7 g5 35. c7 Bxc7 36. Rxc7 f5 37. Kg2 h4 38. Re7 Kf8 39. Rxe3 Kf7 40. Ra3 Ke6 41. Ra5 Kf6 42. Kf2 Ke6 43. Ke3 Nf1+ 44. Kd4 Nh2 45. Ra6+ Kf7 46. Bh5+ Ke7 47. Ke5 g4 48. Ra7+ Kd8 49. Kd6 Kc8 50. Bf7 1-0

[Event "2017 South African Open Ch"]
[Site "Durban"]
[Date "2017.07.19"]
[Round "8"]
[White "Abrantes, Persson"]
[Black "Oatlhotse, Providence"]
[Result "0-1"]
[ECO "A56"]
[WhiteElo "2003"]
[BlackElo "2190"]
[Annotator "ChessBase"]
[PlyCount "102"]
[EventDate "2017.??.??"]
[EventCountry "RSA"]
[SourceTitle "playchess.com"]
[Source "ChessBase"]
[SourceQuality "1"]
[TimeControl "5400+30"]

1. d4 Nf6 2. c4 c5 3. d5 g6 4. Nc3 Bg7 5. e4 O-O 6. Nf3 d6 7. h3 b5 8. cxb5 a6 9. Qc2 e6 10. dxe6 Bxe6 11. Be2 axb5 12. Bxb5 Na6 13. Ng5 Nb4 14. Qe2 Bb3 15. O-O Nc2 16. Qd1 Nd4 17. Qd3 h6 18. Nf3 Bc2 19. Qd2 Nxe4 20. Nxe4 Bxe4 21. Nxd4 cxd4 22. a4 Qb6 23. Ra3 Rac8 24. Bd3 f5 25. a5 Qc6 26. f3 Bd5 27. b4 g5 28. b5 Qd7 29. Bb2 g4 30. Qf4 gxf3 31. gxf3 Be5 32. Qxh6 Rf6 33. Qg5+ Kf7 34. Kf2 Rg8 35. Qh5+ Kf8 36. Rg1 Rxg1 37. Kxg1 Qg7+ 38. Kf1 Qg3 39. Be2 Rg6 40. Qxf5+ Ke7 41. Qg4 Rxg4 42. hxg4 Qh3+ 43. Ke1 Qh1+ 44. Kf2 Qh4+ 45. Kf1 Bg3 46. Bxd4 Qh3+ 47. Kg1 Qh2+ 48. Kf1 Qh1+ 49. Bg1 Bh2 50. Ke1 Qxg1+ 51. Kd2 Bf4+ 0-1

[Event "2017 South African Open Ch"]
[Site "Durban"]
[Date "2017.07.19"]
[Round "8"]
[White "Choko, Siyabonga V"]
[Black "Solomons, Deon"]
[Result "0-1"]
[ECO "B08"]
[WhiteElo "1968"]
[BlackElo "2120"]
[Annotator "NA"]
[PlyCount "66"]
[EventDate "2017.??.??"]
[EventCountry "RSA"]
[SourceTitle "playchess.com"]
[Source "ChessBase"]
[SourceQuality "1"]
[TimeControl "5400+30"]

1. e4 d6 2. d4 g6 3. Nc3 Bg7 4. Nf3 Nf6 5. h3 O-O 6. Be3 a6 7. Be2 b5 8. a3 Bb7 9. e5 Nd5 10. Nxd5 Bxd5 11. O-O Nd7 12. Bf4 f6 13. exf6 Nxf6 14. b3 Ne4 15. Bd2 c5 16. c4 Bc6 17. Be1 e6 18. Rc1 Ng5 19. d5 exd5 20. cxd5 Bd7 21. Nxg5 Qxg5 22. Bd2 Qh4 23. Be3 Rae8 24. Qd2 Re5 25. a4 Rfe8 26. axb5 axb5 27. Bf3 Rf8 28. Be2 Rfe8 29. Bf3 Rf8 30. Be2 Rfe8 31. Rfe1 Bxh3 32. gxh3 Rxe3 33. Bxb5 Qg5+ 0-1

[Event "2017 South African Open Ch"]
[Site "Durban"]
[Date "2017.07.19"]
[Round "8"]
[White "Mpya, Tshediso M"]
[Black "Bhawoodien, Mohamed Ozayr"]
[Result "0-1"]
[ECO "A52"]
[WhiteElo "1897"]
[BlackElo "2103"]
[Annotator "NA"]
[PlyCount "112"]
[EventDate "2017.??.??"]
[EventCountry "RSA"]
[SourceTitle "playchess.com"]
[Source "ChessBase"]
[SourceQuality "1"]
[TimeControl "5400+30"]

1. d4 Nf6 2. c4 e5 3. dxe5 Ng4 4. Bf4 Nc6 5. Nf3 Bb4+ 6. Nc3 Bxc3+ 7. bxc3 Qe7 8. Qd5 f6 9. exf6 Nxf6 10. Qd3 d6 11. g3 Ne4 12. Nd4 Nc5 13. Qc2 Ne5 14. Bg2 Ned3+ 15. Kf1 Nxf4 16. gxf4 O-O 17. e3 Bd7 18. h4 Kh8 19. Rb1 c6 20. Bf3 Be8 21. h5 Bf7 22. Qe2 Bg8 23. Rg1 Qf7 24. h6 g6 25. Qc2 Qxc4+ 26. Be2 Qxa2 27. Rb2 Qf7 28. Nf3 Qf5 29. Qd2 Qf6 30. Ng5 a5 31. c4 a4 32. Kg2 a3 33. Ra2 Ra4 34. Rb1 Rfa8 35. Rxb7 Nxb7 36. Ne4 Bd5 37. cxd5 Rxe4 38. dxc6 Nc5 39. c7 Re7 40. Rxa3 Rc8 41. Qa5 Ne6 42. Rc3 Rexc7 43. Rd3 Nc5 44. Rd5 Nd7 45. Qd2 Rc2 46. Qd1 Qb2 47. Rb5 Qc3 48. Bg4 Qc6+ 49. Kg3 Qxb5 50. Qxd6 Qc6 51. Qd4+ Qf6 52. Qxd7 g5 53. Qg7+ Qxg7 54. hxg7+ Kxg7 55. Bxc8 gxf4+ 56. Kxf4 Rxc8 0-1

[Event "2017 South African Open Ch"]
[Site "Durban"]
[Date "2017.07.19"]
[Round "8"]
[White "Jacobs, Kevin T"]
[Black "Bhawoodien, Shabir Hussain"]
[Result "1-0"]
[ECO "C30"]
[WhiteElo "1882"]
[BlackElo "2066"]
[Annotator "NA"]
[PlyCount "39"]
[EventDate "2017.??.??"]
[EventCountry "RSA"]
[SourceTitle "playchess.com"]
[Source "ChessBase"]
[SourceQuality "1"]
[TimeControl "5400+30"]

1. e4 e5 2. f4 Bc5 3. Nf3 d6 4. c3 Qe7 5. d4 exd4 6. cxd4 Qxe4+ 7. Kf2 Qf5 8. dxc5 Qxc5+ 9. Be3 Qh5 10. Bd4 Nf6 11. Bxf6 gxf6 12. Nc3 Be6 13. Bb5+ c6 14. Ne4 Kf8 15. Qxd6+ Kg7 16. Be2 Qa5 17. b4 Qb6+ 18. Qc5 Qc7 19. Nxf6 Kxf6 20. Qg5# 1-0

[Event "2017 South African Open Ch"]
[Site "Durban"]
[Date "2017.07.19"]
[Round "8"]
[White "Mazibuko, Khanya"]
[Black "Zwakala, Ntando"]
[Result "0-1"]
[ECO "B23"]
[WhiteElo "1808"]
[BlackElo "2020"]
[Annotator "NA"]
[PlyCount "84"]
[EventDate "2017.??.??"]
[EventCountry "RSA"]
[SourceTitle "playchess.com"]
[Source "ChessBase"]
[SourceQuality "1"]
[TimeControl "5400+30"]

1. e4 c5 2. Nc3 e6 3. f4 a6 4. g3 d5 5. e5 Nc6 6. Nf3 h5 7. d3 Nh6 8. Bg2 Be7 9. O-O h4 10. Ne2 hxg3 11. Nxg3 g6 12. c4 Nf5 13. Nxf5 gxf5 14. cxd5 Qxd5 15. Be3 Qd8 16. Rc1 Qa5 17. d4 Qxa2 18. Rf2 Qa5 19. dxc5 Bd7 20. Nd4 O-O-O 21. b4 Qa3 22. Nc2 Qc3 23. Qe2 Qb3 24. Qf1 Be8 25. Rd2 Rxd2 26. Bxd2 Rg8 27. Ne3 Nd4 28. Kh1 Bc6 29. Bxc6 Nxc6 30. Rb1 Qa2 31. Nc4 Qc2 32. Re1 Rd8 33. Be3 Qe4+ 34. Kg1 Rg8+ 35. Kf2 Nxb4 36. Nd6+ Bxd6 37. cxd6 Nd3+ 38. Ke2 Nxe1 39. Qxe1 Qc2+ 40. Bd2 Rg2+ 41. Kf3 Qc6+ 42. Ke3 Qe4# {[%emt 0:00:06] Kd4} 0-1

[Event "2017 South African Open Ch"]
[Site "Durban"]
[Date "2017.07.19"]
[Round "8"]
[White "Masiya, Mfundo"]
[Black "Skosana, Stephen K"]
[Result "0-1"]
[ECO "C41"]
[WhiteElo "1806"]
[BlackElo "2027"]
[Annotator "NA"]
[PlyCount "90"]
[EventDate "2017.??.??"]
[EventCountry "RSA"]
[SourceTitle "playchess.com"]
[Source "ChessBase"]
[SourceQuality "1"]
[TimeControl "5400+30"]

1. e4 d6 2. d4 e5 3. Nf3 exd4 4. Nxd4 Nf6 5. Nc3 Be7 6. Bf4 O-O 7. Qd2 c6 8. f3 Qc7 9. g4 b5 10. a3 Rd8 11. h4 a5 12. h5 Nfd7 13. Nf5 Ne5 14. Nxe7+ Qxe7 15. Be2 Ba6 16. Kf2 Nbd7 17. Rag1 b4 18. axb4 axb4 19. Nd1 Bxe2 20. Qxe2 Nc5 21. g5 b3 22. Kg3 bxc2 23. Qxc2 Ncd3 24. Be3 d5 25. f4 d4 26. Bd2 Qc5 27. Qb1 Re8 28. Rh4 Qb5 29. fxe5 Qxe5+ 30. Kg2 Qb5 31. Kh1 ({Better is} 31. h6 $16) 31... Ne5 $11 32. Rh3 Qe2 33. Rg2 Qf1+ 34. Kh2 Nf3+ 35. Kg3 Nxd2 36. Rxd2 Qe1+ 37. Rf2 Rxe4 38. Qd3 Re3+ 39. Nxe3 dxe3 40. Rhh2 exf2 41. Rxf2 Qe5+ 42. Kh4 Ra4+ 43. Kh3 Qxg5 44. Qg3 Qxh5+ 45. Kg2 Rg4 0-1

[Event "2017 South African Open Ch"]
[Site "Durban"]
[Date "2017.07.20"]
[Round "9"]
[White "Jere, Daniel"]
[Black "Mwali, Chitumbo"]
[Result "1/2-1/2"]
[ECO "A15"]
[WhiteElo "2380"]
[BlackElo "2356"]
[Annotator "NA"]
[PlyCount "81"]
[EventDate "2017.??.??"]
[EventCountry "RSA"]
[SourceTitle "playchess.com"]
[Source "ChessBase"]
[SourceQuality "1"]
[TimeControl "5400+30"]

1. c4 Nf6 2. Nf3 c6 3. g3 d5 4. Bg2 Bf5 5. Qb3 Qb6 6. cxd5 {[%emt 0:01:49] A11: English Opening: 1...c6} (6. d3 e6 7. O-O Be7 8. Qc2 O-O 9. cxd5 cxd5 10. Be3 Qa6 11. Rc1 Ng4 12. Bf4 Nc6 13. h3 Nf6 14. Ne5 Nxe5 15. Bxe5 {½-½ (47) Eljanov,P (2757)-Malakhov,V (2698) Novi Sad 2016}) 6... Qxb3 7. axb3 Nxd5 {[%emt 0:00:27] LiveBook: 4 Games} 8. d3 Nb4 9. Na3 Nd7 10. Bd2 $146 ({Predecessor:} 10. O-O e6 11. Bd2 Bg4 12. Nc4 Nd5 13. Rfc1 f6 {0-1 (40) Andersen,M (2467)-Hasenohr,B (2317) Biel 2015}) 10... e5 11. O-O f6 12. d4 e4 13. Nh4 Be6 14. Bxe4 Bxb3 15. Nf5 g6 16. Ne3 f5 17. Bb1 Nb6 18. Nac2 Nxc2 19. Bxc2 Be6 20. Ng2 Bg7 21. Nf4 Bf7 22. e3 a6 23. Nd3 Nc4 24. Bb4 O-O-O 25. Rfc1 Nd6 26. Nc5 Bd5 27. Bd3 Ne4 28. Na4 Kb8 29. Nb6 Bf7 30. Bxe4 fxe4 31. Be7 Rde8 32. Bd6+ Ka7 33. Bc5 Kb8 34. Bd6+ Ka7 35. Nd7 Rd8 36. Bc5+ Ka8 37. Nb6+ Kb8 38. Be7 Rde8 39. Bd6+ $11 Ka7 40. Bc5 Kb8 41. Be7 1/2-1/2

[Event "2017 South African Open Ch"]
[Site "Durban"]
[Date "2017.07.20"]
[Round "9"]
[White "Oatlhotse, Providence"]
[Black "Masango, Spencer"]
[Result "0-1"]
[ECO "D37"]
[WhiteElo "2190"]
[BlackElo "2203"]
[Annotator "NA"]
[PlyCount "142"]
[EventDate "2017.??.??"]
[EventCountry "RSA"]
[SourceTitle "playchess.com"]
[Source "ChessBase"]
[SourceQuality "1"]
[TimeControl "5400+30"]

1. d4 Nf6 2. c4 e6 3. Nf3 d5 4. Nc3 Be7 5. Bg5 Ne4 6. Bxe7 Qxe7 7. e3 Nxc3 8. bxc3 O-O 9. cxd5 exd5 10. Qb3 {[%emt 0:00:02] LiveBook: 15 Games} c6 11. Bd3 {[%emt 0:03:02] D55: Queen's Gambit Declined: 4 Bg5 Be7: Lines without ...h6 and 6...h6 7 Bxf6} (11. Be2 Be6 12. O-O Rc8 13. Rfc1 Rc7 14. c4 Qd8 15. cxd5 Bxd5 16. Qc2 Be6 17. h3 Nd7 18. e4 Rac8 {1-0 (36) Kacheishvili,G (2603)-Lein,A (2420) Las Vegas 2003}) 11... a5 $146 12. a4 Nd7 13. O-O b6 14. Rfb1 Rb8 15. Ra2 Bb7 16. Rab2 g6 17. Qc2 Ba8 18. Re1 Qd6 19. Nd2 c5 20. Bb5 cxd4 21. cxd4 Rbc8 22. Qb1 Bc6 23. Qa2 Bxb5 24. Rxb5 Nf6 25. Nf3 Ne4 26. Qb3 ({Reject} 26. Rxd5 Qe6 $17) 26... Rc3 27. Qb2 Qa3 28. Rxb6 Qxa4 29. Rb8 Rc2 30. Rxf8+ Kxf8 31. Qb8+ Qe8 32. Qb7 a4 33. Qxd5 Nc3 34. Qb7 Qb5 35. Qa8+ Kg7 36. h4 Ne2+ 37. Kh2 Nc1 38. Ne5 Nb3 (38... h5 $11) 39. Qa7 (39. Kg1 $16) 39... Rxf2 40. Qe7 (40. h5 $11 gxh5 41. Qe7) 40... Qd5 41. e4 Qe6 42. Qxe6 fxe6 43. Re3 Nxd4 $15 44. Ra3 Rf4 45. Rxa4 Rxe4 46. Ra7+ Kf6 47. Nd7+ Kf5 48. g3 Re2+ 49. Kh3 h5 50. Ra3 Rf2 51. Ra5+ Ke4 52. Re5+ Kd3 53. Rg5 Nf3 54. Ne5+ Nxe5 55. Rxe5 Rf6 56. g4 Kd4 57. Re1 Rf3+ 58. Kg2 Re3 59. Rd1+ Rd3 60. Re1 e5 61. Ra1 hxg4 62. Ra4+ Ke3 63. Rxg4 Rd6 64. Kg3 e4 65. Rg5 Kd3 66. Kf4 e3 67. Rg3 Re6 68. Rh3 Kd2 69. h5 gxh5 70. Rxh5 e2 71. Rd5+ Kc3 0-1

[Event "2017 South African Open Ch"]
[Site "Durban"]
[Date "2017.07.20"]
[Round "9"]
[White "Bhawoodien, Mohamed Ozayr"]
[Black "Mnguni, Jacob Dumisani"]
[Result "1/2-1/2"]
[ECO "D12"]
[WhiteElo "2103"]
[BlackElo "2147"]
[Annotator "NA"]
[PlyCount "35"]
[EventDate "2017.??.??"]
[EventCountry "RSA"]
[SourceTitle "playchess.com"]
[Source "ChessBase"]
[SourceQuality "1"]
[TimeControl "5400+30"]

1. d4 d5 2. c4 c6 3. Nf3 Nf6 4. e3 Bf5 5. cxd5 cxd5 6. Qb3 Qb6 {[%emt 0:03:32] LiveBook: 67 Games} (6... Qc7 $5 7. Nc3 e6 $11) 7. Qxb6 axb6 8. Nc3 Nc6 9. Bb5 Bd7 10. Bd2 Ra5 11. O-O e6 12. a3 Be7 13. Bd3 Ra8 14. b4 O-O 15. Rfc1 $11 Rfd8 16. h3 Be8 17. Be1 Rdc8 18. Kf1 1/2-1/2

[Event "2017 South African Open Ch"]
[Site "Durban"]
[Date "2017.07.20"]
[Round "9"]
[White "Govindasamy, Nashlen"]
[Black "Jacobs, Kevin T"]
[Result "0-1"]
[ECO "A14"]
[WhiteElo "2087"]
[BlackElo "1882"]
[Annotator "NA"]
[PlyCount "120"]
[EventDate "2017.??.??"]
[EventCountry "RSA"]
[SourceTitle "playchess.com"]
[Source "ChessBase"]
[SourceQuality "1"]
[TimeControl "5400+30"]

1. Nf3 d5 2. c4 e6 3. g3 Nf6 4. Bg2 Be7 5. O-O O-O 6. b3 c5 7. Bb2 Nc6 8. e3 b6 9. Nc3 Bb7 10. d3 Rc8 11. Qe2 {[%emt 0:00:47] LiveBook: 30 Games A14: English Opening: 1...e6 with b3 by White} Bd6 (11... Qd7 12. Rfd1 Rfd8 13. d4 cxd4 14. Nxd4 Nxd4 15. Rxd4 Bc5 16. Rdd1 Qe7 17. cxd5 exd5 18. Rac1 Ne4 {1-0 (80) Macieja,B (2608)-Kanarek,M (2482) Chorzow 2013}) 12. Rfd1 Qe7 13. Rac1 Rfd8 (13... d4 $5 14. Nb5 dxe3 $11) 14. cxd5 exd5 15. d4 $146 ({Predecessor:} 15. Bh3 Ra8 16. Nb5 d4 17. Nxd6 Rxd6 18. e4 Rdd8 19. a3 {½-½ (47) Sunye Neto,J (2470)-Blees,A (2225) Dieren 1984}) 15... Nb4 16. Bh3 Ra8 17. a3 Ba6 18. Nb5 Qe8 {[%emt 0:00:32] [#]} 19. a4 $2 (19. Bf1 $1 $18) 19... Ne4 20. Ba1 Bxb5 21. axb5 a6 22. dxc5 Bxc5 23. Nd4 (23. Nd2 $11) 23... axb5 24. Nf5 ({Not} 24. Qxb5 $2 Qxb5 25. Nxb5 Ra2 $19) ({Avoid the trap} 24. Nxb5 $2 Ra2 $19) (24. Bf1 $15) 24... f6 25. Bb2 Ra2 26. Ra1 g6 27. Rxa2 (27. Nd4 $11) 27... Nxa2 28. Ra1 $1 Nac3 29. Bxc3 (29. Nh6+ $1 $11 {was the only way to keep the balance.} Kg7 30. Qg4) 29... Nxc3 30. Qg4 {[%emt 0:00:49] [#]} (30. Qd3 $142 gxf5 31. Qxc3) 30... Qe4 $1 31. Nd4 Bxd4 $1 32. Qe6+ Qxe6 33. Bxe6+ Kg7 34. Ra7+ $19 Kh6 35. exd4 Ne2+ 36. Kf1 Nxd4 37. Bd7 Nxb3 38. Bxb5 d4 39. Ke2 d3+ 40. Kd1 d2 41. Bc4 Na5 42. Be6 Nc6 43. Rb7 Nd4 44. Rxb6 Nf3 45. h4 Re8 46. Rd6 Re7 47. Rc6 Nd4 48. Rd6 Nxe6 49. Kxd2 f5 50. Ke2 Ng5+ 51. Kf1 Ne4 52. Rd3 Rc7 53. Kg2 Rc2 54. Rf3 Kh5 55. Rf4 Rxf2+ 56. Rxf2 Nxf2 57. Kxf2 Kg4 58. Kg2 f4 59. gxf4 Kxf4 60. Kh3 h5 {[%emt 0:00:09] Kg4+} 0-1